 Dungeon Crawl Stone Soup version 0.21.0-22-g11d5b52 (webtiles) character file.

6958 Gorglomux the Severer (level 10, -3/126 HPs)
             Began as a Minotaur Wanderer on Jan 18, 2018.
             Was a Believer of Trog.
             Slain by a basilisk (7 damage)
             ... on level 8 of the Dungeon.
             The game lasted 00:03:48 (6776 turns).

Gorglomux the Severer (Minotaur Wanderer)           Turns: 6776, Time: 00:03:49

Health: -3/126     AC:  4    Str: 25    XL:     10   Next: 81%
Magic:  11/11      EV:  2    Int:  9    God:    Trog [**....]
Gold:   209        SH:  0    Dex: 10    Spells: 11/11 levels left

rFire    . . .     SeeInvis .   N - +1 war axe (freeze)
rCold    . . .     Gourm    .   (no shield)
rNeg     + + +     Faith    .   S - +0 swamp dragon scales (curse)
rPois    ∞         Spirit   .   (helmet restricted)
rElec    .         Reflect  .   (no cloak)
rCorr    .         Harm     .   (no gloves)
MR       .....                  (no boots)
Stlth    ..........             (no amulet)
HPRegen  0.31/turn              (no ring)
MPRegen  0.12/turn              (no ring)

@: berserking (expiring), petrified, corroded, drained
A: retaliatory headbutt, horns 2
a: Berserk, Trog's Hand, Burn Spellbooks, Renounce Religion


You were on level 8 of the Dungeon.
You worshipped Trog.
Trog was pleased with you.
You were very hungry.

You visited 1 branch of the dungeon, and saw 8 of its levels.

You collected 418 gold pieces.
You spent 209 gold pieces at shops.

Inventory:

Hand Weapons
 a - a +2 dagger
 n - a +0 dagger of venom
 N - a +1 war axe of freezing (weapon)
 W - a +0 war axe
Armour
 c - a +1 ring mail
 S - cursed +0 swamp dragon scales (worn)
Scrolls
 h - 2 scrolls of enchant armour
 B - a scroll of blinking
 J - a scroll of enchant weapon {unknown}
 L - 3 scrolls of holy word {unknown}
 M - a scroll of magic mapping
 O - a scroll of immolation {unknown}
 Q - a scroll of amnesia {unknown}
 R - 4 scrolls of identify
 T - 7 scrolls of teleportation
 U - a scroll of summoning {unknown}
 X - a scroll of random uselessness {unknown}
 Y - 2 scrolls of remove curse {unknown}
Potions
 b - a potion of heal wounds
 j - a potion of might
 k - 2 potions of haste
 I - a potion of mutation {unknown}
 K - 2 potions of flight {unknown}
 V - a potion of curing {unknown}
Comestibles
 f - a ration
 Z - a chunk of flesh


   Skills:
 - Level 6.4(6.2) Fighting
 + Level 17.6(17.4) Axes
   Level 1.1(0.9) Crossbows
 - Level 6.3(6.1) Armour
 - Level 5.6(5.4) Dodging
 - Level 1.0(0.8) Stealth
   Level 1.2(1.1) Shields
 - Level 1.3(1.2) Spellcasting
   Level 2.1(2.0) Translocations


You had 11 spell levels left.
You didn't know any spells.

Dungeon Overview and Level Annotations

Branches:
Dungeon (8/15)             Temple (0/1) D:5
   Lair: D:8-11

Altars:
Ashenzari
Cheibriados
Dithmenos
Elyvilon
Gozag
Makhleb
Ru
Trog
Vehumet
Xom
The Shining One

Shops:
D:8 *

Annotations:
D:4 skk's ghost, amateur TeSk


Innate Abilities, Weirdness & Mutations

You reflexively headbutt those who attack you in melee.
You have a pair of horns on your head.


Message History

You freeze the crimson imp!
You annihilate the crimson imp!!!
Trog roars: ANNIHILATED!
Your limbs are stiffening!
Unknown command!
You cut the basilisk into butts!!!
The basilisk seems to butt down!
You freeze the basilisk!
The basilisk is severely wounded!
The basilisk bites you!!! * * * butt't die
* * * Unknown command!
You chop the basilisk into pieces!!! You freeze the basilisk!
Your headbutt misses the basilisk!
The basilisk is almost dead!
You have turned to stone!
The basilisk bites you!!!!!! * * * don't die
* * * The basilisk gazes at you!
The basilisk bites you!!! rip

##### ### # ###..#.####.###
#####.#.###........
#..#.#........###..
#(...§#@.........### #.#
......l.....###.## ###
....#......#.####
#....#...####.. ..#...##.#
### # ###. ### ############
###############
#.........(####..............
#.................÷......####


You could see a basilisk.

Vanquished Creatures
  Sigmund (D:5)
  A wyvern (D:8)
  An acid dragon (D:8)
  Duvessa (D:7)
  A water moccasin (D:8)
  A sky beast (D:7)
  A black bear (D:6)
  3 phantoms
  A centaur (D:6)
  A crocodile (D:8)
  Blork the orc (D:4)
  5 bullfrogs
  Dowan (D:7)
  3 scorpions
  5 wights (D:8)
  3 crimson imps
  A quasit (D:7)
  A hound (D:7)
  4 jellies
  2 centaur skeletons
  2 bullfrog skeletons
  A gnoll shaman (D:4)
  2 iguanas (D:7)
  An orc wizard (D:3)
  A worker ant (D:4)
  A statue (D:8)
  3 gnolls (D:4)
  13 adders
  An adder skeleton (D:5)
  2 worms (D:3)
  A dart slug (D:2)
  3 leopard geckos
  6 orcs
  8 bats
  7 giant cockroaches
  9 goblins
  6 hobgoblins
  3 quokkas
  A ball python skeleton (D:4)
  5 frilled lizards
  9 kobolds
  A leopard gecko zombie (D:6)
  5 rats
129 creatures vanquished.

Vanquished Creatures (others)
  An orc wizard (D:3)
  A quokka (D:7)
2 creatures vanquished.

Grand Total: 131 creatures vanquished

Notes
Turn   | Place    | Note
-------+----------+-------------------------------------------
     0 | D:1      | Gorglomux the Minotaur Wanderer began the quest for the Orb.
     0 | D:1      | Gorglomux set off with: a +2 dagger, a potion of heal wounds, a +0 ring mail, the Guide on the Voyage, a ration
     0 | D:1      | Reached XP level 1. HP: 16/16 MP: 1/1
    93 | D:1      | Reached skill level 1 in Dodging
    93 | D:1      | Reached XP level 2. HP: 23/24 MP: 3/3
   614 | D:1      | Reached XP level 3. HP: 29/30 MP: 4/4
  1365 | D:2      | Found a snail-covered altar of Cheibriados.
  1475 | D:3      | Reached skill level 3 in Fighting
  1475 | D:3      | Reached XP level 4. HP: 6/38 MP: 5/5
  1497 | D:3      | Reached skill level 3 in Armour
  1951 | D:3      | Found a shattered altar of Ashenzari.
  2046 | D:3      | Reached XP level 5. HP: 45/45 MP: 6/6
  2202 | D:4      | Noticed skk's ghost (amateur TeSk)
  2262 | D:4      | Found a shimmering altar of Xom.
  2282 | D:4      | Noticed a phantom
  2337 | D:4      | Killed a phantom
  2337 | D:4      | Reached skill level 3 in Dodging
  2508 | D:4      | Reached XP level 6. HP: 47/53 MP: 7/7
  2650 | D:4      | Found a shadowy altar of Dithmenos.
  2931 | D:4      | Found a bloodstained altar of Trog.
  3012 | D:4      | Became a worshipper of Trog the Wrathful
  3085 | D:4      | Noticed Blork the orc
  3097 | D:4      | Killed Blork the orc
  3310 | D:5      | Entered Level 5 of the Dungeon
  3381 | D:5      | Noticed Sigmund
  3399 | D:5      | Killed Sigmund
  3399 | D:5      | Reached XP level 7. HP: 22/61 MP: 8/8
  3597 | D:5      | Found a burning altar of Makhleb.
  3890 | D:5      | Found a sacrificial altar of Ru.
  3952 | D:5      | Found a staircase to the Ecumenical Temple.
  4465 | D:6      | Reached skill level 1 in Axes
  4617 | D:6      | Reached skill level 2 in Axes
  4794 | D:6      | Found a glowing golden altar of the Shining One.
  4820 | D:6      | Reached skill level 6 in Fighting
  4820 | D:6      | Reached skill level 6 in Armour
  4858 | D:6      | Reached XP level 8. HP: 70/70 MP: 9/9
  4903 | D:6      | Reached skill level 3 in Axes
  5579 | D:7      | Reached skill level 4 in Axes
  5610 | D:7      | Reached skill level 5 in Axes
  5671 | D:7      | Reached * piety under Trog
  5697 | D:7      | Reached skill level 14 in Axes
  5697 | D:7      | Reached XP level 9. HP: 32/78 MP: 10/10
  5698 | D:7      | Reached skill level 17 in Axes
  5698 | D:7      | Reached XP level 10. HP: 35/84 MP: 11/11
  5912 | D:7      | Noticed Dowan
  5913 | D:7      | Noticed Duvessa
  5925 | D:7      | Killed Duvessa
  5928 | D:7      | Killed Dowan
  6005 | D:7      | Found a white marble altar of Elyvilon.
  6100 | D:7      | Found an opulent altar of Gozag.
  6362 | D:8      | Found a radiant altar of Vehumet.
  6496 | D:8      | Found Xexoum's General Store.
  6508 | D:8      | Bought a scroll of teleportation for 45 gold pieces
  6508 | D:8      | Bought a scroll of enchant armour for 112 gold pieces
  6508 | D:8      | Bought a scroll of magic mapping for 52 gold pieces
  6768 | D:8      | Reached ** piety under Trog
  6773 | D:8      | HP: 3/126 [basilisk (9)]
  6776 | D:8      | Slain by a basilisk

Skill      XL: |  1  2  3  4  5  6  7  8  9 |
---------------+----------------------------+-----
Dodging        | 1 2 3 4 5 |  5.6
Fighting       | 2 3 4 5 6 |  6.4
Armour         | 2 3 4 5 6 |  6.3
Axes           | 2 14 17 | 17.6
Crossbows      | |  1.1
Stealth        | |  1.0
Shields        | |  1.2
Spellcasting   | |  1.3
Translocations | |  2.1

Action                   |  1- 3 |  4- 6 |  7- 9 | 10-12 || total
-------------------------+-------+-------+-------+-------++-------
Melee: Dagger            |   110 |   142 |    99 |       ||   351
       Headbutt          |    18 |    25 |    29 |    17 ||    89
       War axe           |       |       |    47 |    89 ||   136
Invok: Burn Spellbooks   |       |       |       |     1 ||     1
       Berserk           |       |       |       |     1 ||     1
  Use: Potion            |       |     2 |     2 |       ||     4
       Scroll            |       |     3 |     2 |       ||     5
  Eat: Chunk             |     2 |     6 |     5 |     2 ||    15
       Ration            |       |       |     1 |       ||     1
Armor: Ring mail         |    38 |    34 |    13 |       ||    85
       Swamp dragon scal |       |       |    44 |    15 ||    59
Dodge: Dodged            |    68 |    56 |    80 |    46 ||   250
